 Dungeon Crawl Stone Soup version 0.28-a0-726-g4a9143789a (webtiles) character file.

Game seed: 3991888957882970449

6152 lawman0 the Carver (level 10, -2/76 HPs)
             Began as a Barachi Warper on Oct 27, 2021.
             Was an Initiate of Gozag.
             Killed by divine providence
             ... invoked by an orc priest
              (8 damage)
             ... on level 10 of the Dungeon.
             The game lasted 00:24:51 (13427 turns).

lawman0 the Carver (Barachi Warper)                Turns: 13427, Time: 00:24:52

Health: -2/76      AC:  8    Str: 12    XL:     10   Next: 90%
Magic:  3/16       EV: 17    Int: 16    God:    Gozag
Gold:   56         SH:  0    Dex: 13    Spells: 7/17 levels left

rFire   . . .      SeeInvis .   a - +3 scimitar (elec)
rCold   . . .      Faith    .   (no shield)
rNeg    . . .      Spirit   .   m - +0 leather armour
rPois   .          Reflect  .   j - +0 helmet
rElec   .          Harm     .   (no cloak)
rCorr   .          Rampage  .   g - +0 pair of gloves
Will    .....      Clarity  +   (no boots)
Stlth   ++........              (no amulet)
HPRegen 0.22/turn               c - +4 ring of evasion
MPRegen 0.15/turn               y - ring of wizardry

@: gold aura, slow
A: amphibious, slowness 1, strong legs 1, +LOS, iridescent scales 1, clarity
a: Hop, Renounce Religion, Potion Petition, Call Merchant, Bribe Branch


You were on level 10 of the Dungeon.
You worshipped Gozag.
Gozag was noncommittal.
You visited 3 branches of the dungeon, and saw 12 of its levels.

You collected 653 gold pieces.
You spent 504 gold pieces at shops.
You paid 93 gold pieces to Gozag.

Inventory:

Hand Weapons
 a - a +3 scimitar of electrocution (weapon)
 b - a +0 hunting sling
Missiles
 d - 2 boomerangs of dispersal
 h - 2 boomerangs
 l - 38 sling bullets
 n - 24 poisoned darts (quivered)
Armour
 g - a +0 pair of gloves (worn)
 j - a +0 helmet (worn)
 m - a +0 leather armour (worn)
Magical Staves
 e - a staff of fire
 p - a staff of earth
 t - a staff of poison
Jewellery
 c - a +4 ring of evasion (left hand)
 k - a ring of protection from fire
 o - a ring of ice
 u - a ring of see invisible
 y - a ring of wizardry (right hand)
 H - a ring of protection from cold
Scrolls
 f - 2 scrolls of immolation
 i - a scroll of brand weapon
 q - a scroll of blinking
 r - a scroll of teleportation
 s - 2 scrolls of vulnerability
 w - a scroll of holy word {unknown}
 x - 3 scrolls of amnesia
 A - a scroll of noise {unknown}
 G - 2 scrolls of enchant armour
 I - 2 scrolls of silence {unknown}
Potions
 v - 2 potions of flight
 z - 2 potions of heal wounds
 B - a potion of lignification
 C - a potion of magic
 D - a potion of haste
 E - a potion of invisibility {unknown}
 F - a potion of curing


   Skills:
 + Level 6.0 Fighting
 * Level 12.2 Long Blades
 + Level 3.7 Throwing
 + Level 5.2 Armour
 + Level 5.2 Dodging
 + Level 3.3 Stealth
 + Level 4.4 Spellcasting
 * Level 7.7 Translocations
 + Level 4.0 Evocations


You had 7 spell levels left.
You knew the following spells:

 Your Spells              Type           Power      Damage    Failure   Level
a - Blink                 Tloc           56%        N/A       1%          2
b - Teleport Other        Tloc           28%        N/A       1%          3
c - Manifold Assault      Tloc           28%        N/A       10%         5

Your spell library contained the following spells:

 Spells                   Type           Power      Damage    Failure   Level
 Gell's Gravitas          Tloc           14%        N/A       1%          3
 Lesser Beckoning         Tloc           28%        N/A       1%          3
 Portal Projectile        Hex/Tloc       32%        N/A       4%          3
 Corpse Rot               Necr/Air       6%         N/A       12%         2
 Poisonous Vapours        Pois/Air       6%         N/A       12%         2
 Call Canine Familiar     Summ           3%         N/A       24%         3
 Leda's Liquefaction      Hex/Erth       1%         N/A       58%         4


Dungeon Overview and Level Annotations

Branches:
Dungeon (10/15)            Temple (1/1) D:7            Lair (1/6) D:8
    Orc: D:9-12

Altars:
Dithmenos
Elyvilon
Fedhas
Gozag
Okawaru
Trog
The Shining One

Shops:
D:7 ?((*?

Annotations:
D:7 Joseph


Innate Abilities, Weirdness & Mutations

You are amphibious.
You cover ground slowly.
You can hop short distances.
You have an extended range of vision and can be seen from far away.
You are partially covered in iridescent scales. (AC +2)
You possess an exceptional clarity of mind.


Message History

The poisoned dart closely misses the orc priest.
The poisoned dart barely misses the orc priest.
Unknown command.
Unknown command.
You closely miss the orc priest.
The orc priest is heavily wounded.
You closely miss the orc priest.
The orc priest is heavily wounded.
The orc priest closely misses you.
You closely miss the orc priest.
The orc priest is heavily wounded.
The orc priest looks more healthy.
The orc priest is distracted by your dazzling golden aura.
The orc priest misses you.
The orc priest shouts!
You hit the orc priest.
The orc priest is severely wounded.
The orc priest invokes the aid of Beogh against you.
Beogh smites you!
* * * LOW HITPOINT WARNING * * *
Throw: 25 darts (poison)
Press: ? - help, Q - select action, (/) - cycle Shift-Dir - straight line, f/p - orc priest
Aim: an orc priest, wielding a +0 flail (severely wounded, 62% to hit)
You throw a poisoned dart.
The poisoned dart barely misses the orc priest.
The poisoned dart closely misses the orc priest.
You completely miss the orc priest.
The orc priest is severely wounded.
The orc priest misses you.
Okay, then.
You slash the orc priest!
You kill the orc priest!
The orc priest is no longer distracted by gold.
The orc priest calls down the wrath of Beogh upon you.
Beogh smites you!
* * * LOW HITPOINT WARNING * * *
The orc priest calls down the wrath of Beogh upon you.
Beogh smites you!
You die...
Your body crumbles into a pile of gold.

### ..# #.# # .#
#.# #. .# #.#
#.#######.# #.#
#.........######@#
................o#
#.........######.#
#.........# #.#
#...$.....# #(#
#......oo.# #(#
#..(o..o..# #(#
..#######.######(#
#((oo$...#


You could see an orc priest (poisoned).

Vanquished Creatures
  A two-headed ogre (D:8)
  A wolf spider zombie (D:7)
  4 centaur skeletons (D:7)
  A komodo dragon (Lair:1)
  2 hellwings (D:7)
  A troll (D:7)
  Prince Ribbit (D:6)
  2 wargs
  Menkaure (D:7)
  5 water moccasins
  Duvessa (D:7)
  2 orc warriors
  A black bear (D:8)
  A phantom (D:5)
  A kobold brigand (D:6)
  3 bullfrogs
  2 scorpions (D:5)
  Dowan (D:7)
  2 water moccasin skeletons
  A howler monkey (D:6)
  4 hounds
  3 centaur zombies
  A bullfrog skeleton (D:6)
  A jelly (D:5)
  6 orc priests
  2 gnoll shamans
  4 iguanas
  3 orc wizards
  A hound zombie (D:5)
  7 adders
  13 gnolls
  4 shadow imps
  A white imp (D:7)
  An adder skeleton (D:4)
  A worm (D:3)
  4 dart slugs
  17 orcs
  5 ball pythons
  7 bats
  9 endoplasms
  8 giant cockroaches
  9 goblins
  6 hobgoblins
  9 jackals
  22 kobolds
  5 quokkas
  3 frilled lizards
  3 rats
193 creatures vanquished.

Vanquished Creatures (others)
  4 fungi (Lair:1)
  4 plants
  6 toadstools (D:4)
  12 withered plants (D:7)
26 creatures vanquished.

Grand Total: 219 creatures vanquished

Notes
Turn   | Place    | Note
-------+----------+-------------------------------------------
     0 | D:1      | lawman0 the Barachi Warper began the quest for the Orb.
     0 | D:1      | Reached XP level 1. HP: 17/17 MP: 3/3
   255 | D:1      | Reached XP level 2. HP: 12/23 MP: 5/5
   842 | D:1      | Learned a level 2 spell: Blink
   936 | D:1      | Reached XP level 3. HP: 27/28 MP: 6/6
   943 | D:1      | Reached skill level 3 in Long Blades
  1496 | D:1      | Found a faded altar of an unknown god.
  1948 | D:2      | Learned a level 3 spell: Teleport Other
  2621 | D:3      | Reached XP level 4. HP: 22/34 MP: 7/7
  2799 | D:3      | Reached skill level 4 in Long Blades
  3253 | D:3      | Reached XP level 5. HP: 18/40 MP: 8/8
  3263 | D:3      | Reached skill level 5 in Long Blades
  3968 | D:4      | Reached XP level 6. HP: 38/47 MP: 9/9
  4358 | D:4      | Found an iron altar of Okawaru.
  4563 | D:5      | Entered Level 5 of the Dungeon
  4569 | D:5      | Gained mutation: You are partially covered in iridescent
                  | scales. (AC +2) [potion of mutation]
  4569 | D:5      | Gained mutation: You possess an exceptional clarity of
                  | mind. [potion of mutation]
  4591 | D:5      | Reached skill level 6 in Long Blades
  5125 | D:5      | Noticed a water moccasin
  5538 | D:5      | Reached XP level 7. HP: 40/52 MP: 10/10
  5712 | D:5      | Reached skill level 1 in Stealth
  5866 | D:5      | Reached skill level 7 in Long Blades
  6546 | D:5      | Reached XP level 8. HP: 50/58 MP: 12/12
  6713 | D:6      | Reached skill level 5 in Translocations
  7078 | D:6      | Found a blossoming altar of Fedhas.
  7144 | D:6      | Noticed Prince Ribbit
  7163 | D:6      | Killed Prince Ribbit
  7164 | D:6      | Reached skill level 8 in Long Blades
  7401 | D:6      | Learned a level 5 spell: Manifold Assault
  7719 | D:7      | Noticed Duvessa
  7719 | D:7      | Noticed Dowan
  7750 | D:7      | Noticed Joseph
  7750 | D:7      | Found Tasaywk's Antique Weapon Boutique.
  7812 | D:7      | Found a staircase to the Ecumenical Temple.
  7952 | D:7      | Reached skill level 1 in Evocations
  7967 | Temple   | Entered the Ecumenical Temple
  7980 | Temple   | Became a worshipper of Gozag Ym Sagoz the Greedy
  8138 | D:7      | Noticed a hellwing
  8164 | D:7      | Reached skill level 9 in Long Blades
  8164 | D:7      | Reached XP level 9. HP: 53/65 MP: 13/13
  8256 | D:7      | Killed Duvessa
  8285 | D:7      | Killed Dowan
  8458 | D:7      | Noticed Menkaure
  8461 | D:7      | Noticed a troll
  8466 | D:7      | Killed Menkaure
  8467 | D:7      | Reached skill level 10 in Long Blades
  8467 | D:7      | Killed a troll
  8664 | D:7      | Found Lagius's Weapon Shoppe.
  8675 | D:7      | Found Etwamot's Assorted Antiques.
  8675 | D:7      | Found Carryn's Magic Scroll Shop.
  8878 | D:7      | Bought a crooked lead wand for 100 gold pieces
  8878 | D:7      | Bought a red potion for 22 gold pieces
  8878 | D:7      | Bought a pink potion for 22 gold pieces
  8878 | D:7      | Bought a scroll labelled BESEUTI IROCA for 25 gold pieces
  8878 | D:7      | Bought a scroll labelled YSTAMUUNEELE for 25 gold pieces
  8881 | D:7      | Bought a scroll of identify for 22 gold pieces
  8928 | D:7      | Noticed a hellwing
  8978 | D:7      | Killed a hellwing
  8979 | D:7      | Reached skill level 5 in Fighting
  9303 | D:7      | Found Raocec's Magic Scroll Shoppe.
  9309 | D:7      | Bought a scroll of identify for 24 gold pieces
  9369 | D:7      | Reached skill level 11 in Long Blades
  9454 | D:7      | Killed a hellwing
  9455 | D:7      | Reached XP level 10. HP: 37/74 MP: 11/15
  9705 | D:8      | Reached skill level 5 in Armour
  9991 | D:8      | Noticed a two-headed ogre
 10018 | D:8      | Killed a two-headed ogre
 10556 | D:8      | Reached skill level 5 in Dodging
 11317 | D:8      | Found a staircase to the Lair.
 11578 | Lair:1   | Entered Level 1 of the Lair of Beasts
 12036 | D:7      | Bought a +2 scimitar of electrocution for 264 gold pieces
 12103 | D:7      | \o/
 12176 | Lair:1   | ok
 12176 | Lair:1   | probably fine to stop now
 12268 | D:7      | Reached skill level 12 in Long Blades
 12661 | D:9      | Noticed a kobold demonologist
 12757 | D:9      | Noticed a manticore
 13038 | D:9      | Noticed a two-headed ogre
 13389 | D:10     | Entered Level 10 of the Dungeon
 13427 | D:10     | Killed from afar by an orc priest

Illustrated notes

#.# #.#..#.# #.#..))#
#.# #>#..#.# #.####.#
#.# #.#>.#.# #.#.....
#.# #.####.#####.#.....
#.# #............#.....
#.# ##........####.....
#.# #......#.# #.....
#.# #......#.# #.....
#.# #@.....#.# #.....
#.# #......#.# #.....
#.# #......#.# #.....
#.# #......#.####.....
#.# #.................
#.# #................#
#.#####.......######.###
#.....##.####.# #.#
#.###.##.## #.# #.#


Turn 12103 on D:7: \o/ #.# #.## .#..### #.....### ###### .F .###....######
#P##P### .^. # ####....#.###......###.... #P#....................
####................... ##......@............ #..............#.....
#.......<......# .. #.............## #....##.P#....# #...########### #...# ##.##
### Turn 12176 on Lair:1: ok

Levels and vault maps discovered:
D:1:      wander_arrival_desolate, layout_loops_cross,
          hellmonk_ecumenical_altar_run_dry
D:2:      layout_basic
D:3:      layout_basic, minmay_cut_off
D:4:      cheibrodos_fertilizer, layout_loops_ring, minmay_ruined_shrine
D:5:      layout_loops_corners
D:6:      layout_loops_ring, mainiacjoe_overflow_alcove_4, uniq_prince_ribbit1
D:7:      cheibrodos_grave_circle, layout_basic, minmay_temple_entry_tees,
          serial_shops, shop, nicolae_shop_stone, kennysheep_little_box, shop,
          shop_statue, uniq_joseph, uniq_duvessa, uniq_menkaure, uniq_harold
D:8:      layout_rooms, erik_lair_orcish_takeover, nicolae_wwwww,
          lemuel_flamethrower_1
D:9:      layout_loops_ring
D:10:     layout_small_grid, lemuel_blue_sif_altar, enter_bailey_5,
          kennysheep_generic_room_10, uniq_psyche
Temple:   regret_index_temple_chain_breaker
Lair:1:   layout_cave_pods, grunt_megastairs_4

Skill      XL: |  1  2  3  4  5  6  7  8  9 10 |
---------------+-------------------------------+-----
Translocations | 4 5 6 7 |  7.7
Long Blades    | 3 4 5 6 7 9 11 12 | 12.2
Armour         | 2 4 5 |  5.2
Fighting       | 3 4 5 6 |  6.0
Stealth        | 2 3 |  3.3
Dodging        | 3 4 5 |  5.2
Evocations     | 1 3 4 |  4.0
Throwing       | 2 3 |  3.7
Spellcasting   | 3 4 |  4.4

Action                   |  1- 3 |  4- 6 |  7- 9 | 10-12 || total
-------------------------+-------+-------+-------+-------++-------
Melee: Falchion          |   152 |   270 |   299 |   135 ||   856
       Scimitar          |       |       |       |    43 ||    43
Throw: Boomerang         |       |    10 |    11 |     3 ||    24
       Throwing net      |       |     1 |       |     1 ||     2
       Dart              |       |       |    27 |    61 ||    88
 Cast: Teleport Other    |       |     7 |       |     1 ||     8
       Blink             |       |     1 |    11 |    14 ||    26
       Manifold Assault  |       |       |       |     7 ||     7
 Abil: Hop               |       |     1 |     4 |     2 ||     7
Evoke: Wand              |       |       |    44 |    27 ||    71
  Use: Potion            |       |     6 |     1 |       ||     7
       Scroll            |       |     6 |     7 |     5 ||    18
 Stab: Sleeping          |     1 |       |     3 |     1 ||     5
       Paralysed         |       |       |    14 |       ||    14
       Held in net/web   |       |       |       |     1 ||     1
Armor: Leather armour    |    47 |   105 |   126 |    42 ||   320
Dodge: Dodged            |   110 |   204 |   186 |    83 ||   583

Table legend: (Time is in decaauts)
 A = Elapsed time spent in this place.
 B = Non-inter-level travel time spent in this place.
 C = Inter-level travel time spent in this place.
 D = Time resting spent in this place.
 E = Time spent auto-exploring this place.
 F = Levels seen in this place.
 G = Mean time per level.
                   A        B        C        D        E       F      G
               +--------+--------+--------+--------+--------+-----+--------+
         Total |  14558 |  13602 |    956 |   2828 |   7919 |  12 | 1213.2 |
       Dungeon |  14094 |  13179 |    915 |   2703 |   7735 |  10 | 1409.4 |
        Temple |     26 |     17 |      9 |      0 |      3 |   1 |   26.0 |
          Lair |    437 |    406 |     31 |    125 |    180 |   1 |  437.0 |
               +--------+--------+--------+--------+--------+-----+--------+

Top non-repeatable levels by time:
     D:7: 2487 daAuts
     D:8: 2190 daAuts
     D:5: 2133 daAuts
     D:1: 1814 daAuts
     D:6: 1383 daAuts
     D:2: 1195 daAuts
     D:3: 1076 daAuts
     D:4: 1073 daAuts
     D:9: 704 daAuts
  Lair:1: 437 daAuts
    D:10: 35 daAuts
  Temple: 26 daAuts
